 Dungeon Crawl Stone Soup version 0.30-a0-165-g1891117ce2 (webtiles) character file.

Game seed: 2296716546940950427

254 ragingrage the Ruffian (level 5, -4/50 HPs)
             Began as a Troll Fighter on Sept 28, 2022.
             Killed from afar by Dowan (13 damage)
             ... with a stone arrow
             ... on level 3 of the Dungeon.
             The game lasted 00:02:04 (1964 turns).

ragingrage the Ruffian (Troll Fighter)              Turns: 1964, Time: 00:02:05

Health: -4/50      AC:  4    Str: 26    XL:     5   Next: 91%
Magic:  4/4        EV:  8    Int:  4    God:
Gold:   247        SH:  7    Dex:  9    Spells: 4/4 levels left

rFire   . . .      SeeInvis .      - Unarmed
rCold   . . .      Faith    .    b - +0 kite shield
rNeg    . . .      Spirit   .    a - +0 robe
rPois   .          Reflect  .    (helmet restricted)
rElec   .          Harm     .    (no cloak)
rCorr   .          Rampage  .    (gloves unavailable)
Will    .....                    (boots unavailable)
Stlth   +.........               (no amulet)
HPRegen 0.96/turn                (no ring)
MPRegen 0.09/turn                (no ring)

@: no status effects
A: large, unfitting armour, claws 3, regeneration 1, shaggy fur 1, tough skin 1
a: no special abilities


You were on level 3 of the Dungeon.
You visited 1 branch of the dungeon, and saw 4 of its levels.

You collected 247 gold pieces.

Inventory:

Missiles
 m - 4 poisoned darts (quivered)
Armour
 a - a +0 robe (worn)
 b - a +0 kite shield (worn)
Jewellery
 r - an amulet of faith
Wands
 o - a wand of acid (7)
Scrolls
 d - a scroll of amnesia {unknown}
 g - a scroll of blinking {unknown}
 h - a scroll of summoning {unknown}
 j - 5 scrolls of identify {unknown}
 l - a scroll of enchant weapon {unknown}
 n - a scroll of teleportation {unknown}
 q - a scroll of magic mapping {unknown}
Potions
 c - a potion of might
 e - 2 potions of flight {unknown}
 f - a potion of mutation {unknown}
 i - 3 potions of haste {unknown}
 k - a potion of curing {unknown}
 p - 2 potions of invisibility {unknown}


   Skills:
 - Level 2.5 Fighting
 - Level 2.5 Dodging
 - Level 2.8 Shields
 + Level 6.0 Unarmed Combat


You had 4 spell levels left.
You didn't know any spells.
Your spell library contained the following spells:

 Spells                   Type           Power      Damage    Failure   Level
 Blink                    Tloc           0%         N/A       91%         2
 Momentum Strike          Conj/Tloc      0%         3d8       91%         2
 Lesser Beckoning         Tloc           0%         N/A       99%         3


Dungeon Overview and Level Annotations

Branches:
Dungeon (4/15)
 Temple: D:4-7

Altars:
Elyvilon
Wu Jian

Shops:
D:1 :

Annotations:
D:3 3 runed translucent doors, exclusion: downstairs, Dowan; Girdio's ghost, amateur DsFi
D:4 Edmund


Innate Abilities, Weirdness & Mutations

You are too large for most types of armour.
You have claws for hands.
Your natural rate of healing is unusually fast.
You are covered in fur. (AC +1)
You have tough skin. (AC +1)


Message History

You barely miss Duvessa.
Duvessa hits you with a +0 vampiric short sword!
Dowan gestures wildly while chanting.
Dowan blinks!
You claw Duvessa!
Duvessa is moderately wounded.
Duvessa hits you but does no damage.
Dowan says, "Stay away from my face!"
You claw Duvessa!
Duvessa is severely wounded.
You block Duvessa's attack.
You scratch Duvessa.
Duvessa is severely wounded.
You block Duvessa's attack.
You barely miss Duvessa.
Duvessa is severely wounded.
Duvessa hits you with a +0 vampiric short sword.
Duvessa draws strength from your wounds!
You mangle Duvessa!!
You kill Duvessa!
Dowan screams, "No!
No!"
Dowan seems to find hidden reserves of power!
Dowan points at you and mumbles some strange words.
The shard of ice misses you.
Your Unarmed Combat skill increases to level 6!
Dowan hits you with a +0 dagger of electrocution.
You climb upwards.
Level annotation: 3 runed translucent doors, exclusion: downstairs, Girdio's ghost, amateur DsFi
There is a stone staircase leading down here.
You closely miss Dowan.
Dowan hits you with a +0 dagger of electrocution.
You are electrocuted!!
* * * LOW HITPOINT WARNING * * *
Dowan hits you with a +0 dagger of electrocution.
* * * LOW HITPOINT WARNING * * *
You claw Dowan!
Dowan is heavily wounded.
Dowan points at you and mumbles some strange words.
The stone arrow hits you!
You die...

#####
########
##...##
##.....(##
##.....##
##...@....##
#.......#
#...e......#
#.......#
#..........#
#^....>.#
#..........#
##.....##
#..........#
##.......
#..........#
#........
##........##
#.......#
##........##
#........
#..........#
#..#####.


You could see Dowan (fast).

Vanquished Creatures
  Duvessa (D:4)
  A phantom (D:2)
  An adder (D:2)
  3 dart slugs
  6 ball pythons
  2 endoplasms
  2 giant cockroaches (D:1)
  7 goblins
  6 hobgoblins
  2 jackals (D:3)
  4 kobolds
  3 quokkas
  12 bats
  7 frilled lizards
  8 rats
65 creatures vanquished.

Notes
Turn   | Place    | Note
-------+----------+-------------------------------------------
     0 | D:1      | ragingrage the Troll Fighter began the quest for the Orb.
     0 | D:1      | Reached XP level 1. HP: 22/22 MP: 0/0
    67 | D:1      | Reached XP level 2. HP: 25/29 MP: 1/1
   270 | D:1      | Found Huatan's Book Shop.
   277 | D:1      | Reached skill level 3 in Unarmed Combat
   287 | D:1      | Reached XP level 3. HP: 36/36 MP: 2/2
   517 | D:2      | Found a faded altar of an unknown god.
   651 | D:2      | Noticed a phantom
   657 | D:2      | Killed a phantom
   658 | D:2      | Reached skill level 4 in Unarmed Combat
   658 | D:2      | Reached XP level 4. HP: 41/44 MP: 3/3
  1290 | D:3      | Reached XP level 5. HP: 45/50 MP: 4/4
  1311 | D:3      | Found a runed translucent gate.
  1349 | D:3      | Noticed Girdio's ghost (amateur DsFi)
  1418 | D:3      | Found a runed translucent gate.
  1418 | D:3      | Found a runed translucent gate.
  1430 | D:3      | Reached skill level 5 in Unarmed Combat
  1486 | D:3      | Found an ornate altar of the Wu Jian Council.
  1591 | D:3      | Found a white marble altar of Elyvilon.
  1858 | D:4      | Noticed Dowan
  1859 | D:4      | Noticed Duvessa
  1924 | D:4      | Noticed Edmund
  1960 | D:4      | Killed Duvessa
  1961 | D:4      | Reached skill level 6 in Unarmed Combat
  1964 | D:3      | Killed from afar by Dowan

Illustrated notes

Levels and vault maps discovered:
D:1:      dpeg_arrival_simpleton_c, layout_basic, serial_shops, shop,
          nicolae_concentric_dashed_squares_wild
D:2:      layout_basic, nicolae_ecumenical_pavilion
D:3:      layout_rooms, nzn_wu_jian_council_hall,
          nicolae_overflow_crystal_walls, gammafunk_ghost_icy, minmay_puff
D:4:      layout_loops_ring, minmay_temple_entry_statues, grunt_decor_fettered,
          uniq_duvessa, uniq_edmund

Skill      XL: |  1  2  3  4  5 |
---------------+----------------+-----
Unarmed Combat | 3 4 6 |  6.0
Fighting       | |  2.5
Dodging        | |  2.5
Shields        | |  2.8

Action                   |  1- 3 |  4- 6 || total
-------------------------+-------+-------++-------
Melee: Unarmed           |    84 |    80 ||   164
 Stab: Sleeping          |       |     1 ||     1
Armor: Robe              |    36 |    22 ||    58
Dodge: Dodged            |    32 |    18 ||    50
Block: Kite shield       |    44 |    31 ||    75

Table legend: (Time is in decaauts)
 A = Elapsed time spent in this place.
 B = Non-inter-level travel time spent in this place.
 C = Inter-level travel time spent in this place.
 D = Time resting spent in this place.
 E = Time spent auto-exploring this place.
 F = Levels seen in this place.
 G = Mean time per level.
                   A        B        C        D        E       F      G
               +--------+--------+--------+--------+--------+-----+--------+
         Total |   1975 |   1833 |    142 |     14 |   1404 |   4 |  493.8 |
       Dungeon |   1975 |   1833 |    142 |     14 |   1404 |   4 |  493.8 |
               +--------+--------+--------+--------+--------+-----+--------+

Top non-repeatable levels by time:
     D:2: 762 daAuts
     D:3: 673 daAuts
     D:1: 523 daAuts
     D:4: 16 daAuts
